 Dungeon Crawl Stone Soup version 0.18.1-50-g88ac8fd (webtiles) character file.

2444 Golzeb the Protected (level 9, -8/56 HPs)
             Began as a Gargoyle Berserker on Oct 11, 2016.
             Was an Elder of Trog.
             Killed from afar by a smoke demon (18 damage)
             ... with a ball of steam
             ... on level 1 of the Abyss on Oct 13, 2016.
             The game lasted 00:41:42 (8221 turns).

Golzeb the Protected (Gargoyle Berserker)           Turns: 8221, Time: 00:41:43

Health: -8/56      AC: 20    Str: 25    XL:     9   Next: 49%
Magic:  9/9        EV:  9    Int:  7    God:    Trog [****..]
Gold:   276        SH:  0    Dex: 13    Spells: 0 memorised, 8 levels left

rFire  . . .     SeeInvis .     h - +0 war axe (venom)
rCold  + . .     Gourm    .     u - +0 plate armour
rNeg   + . .     Faith    .     (no shield)
rPois  ∞         Spirit   .     v - +0 helmet
rElec  +         Dismiss  .     D - +0 cloak
rCorr  .         Reflect  .     q - -3 pair of gloves of the Nexus {+Fly rElec rC+ Stlth+}
SustAt .         Harm     .     (no boots)
MR     .....                    (no amulet)
Stlth  ..........               (no ring)
                                e - +4 ring of dexterity

@: not resistant to hostile enchantments, extremely unstealthy
A: negative energy resistance 1, electricity resistance, unbreathing,
petrification resistance, rot immunity, AC +5
a: Berserk, Trog's Hand, Brothers in Arms, Burn Spellbooks, Renounce Religion,
Evoke Flight


You were on level 1 of the Abyss.
You worshipped Trog.
Trog was greatly pleased with you.
You were not hungry.

You visited 1 branch of the dungeon, and saw 8 of its levels.
You visited the Abyss 1 time.

You collected 504 gold pieces.
You spent 228 gold pieces at shops.

Inventory:

Hand Weapons
 d - a +2 mace of holy wrath
 h - a +0 war axe of venom (weapon)
 k - a +2 dagger of venom
 n - a +0 mace of venom
 r - a +0 antimagic mace
 w - a +3 quarterstaff of chaos
 y - the +10 dagger "Dragonbane" {pierce, Int+2}
   (You found it on level 6 of the Dungeon)

   It inflicts extra damage upon your enemies.
   It affects your intelligence (+2).
Armour
 q - the -3 pair of gloves of the Nexus (worn) {+Fly rElec rC+ Stlth+}
   (You bought it in a shop on level 5 of the Dungeon)

   It protects you from cold.
   It insulates you from electricity.
   It lets you fly.
   It makes you more stealthy.
 u - a +0 plate armour (worn)
 v - a +0 helmet (worn)
 D - a +0 cloak (worn)
Jewellery
 e - a +4 ring of dexterity (left hand)
Wands
 F - a wand of slowing (28/48)
 G - a wand of iceblast (1/15)
 K - a wand of acid (11/15)
 M - a wand of random effects (23/48)
Scrolls
 a - 2 scrolls of fear {unknown}
 b - 4 scrolls of identify
 m - 2 scrolls of teleportation
 C - 3 scrolls of enchant armour
 E - 2 scrolls of recharging
 H - a scroll of torment {unknown}
Potions
 f - 2 potions of brilliance
 g - 2 potions of cure mutation {unknown}
 i - a potion of resistance {unknown}
 j - 2 potions of ambrosia
 l - a potion of berserk rage {unknown}
 o - 2 potions of curing {unknown}
 s - a potion of might
 t - a potion of lignification {unknown}
 x - 2 potions of degeneration {unknown}
 z - a potion of haste {unknown}
 A - a potion of flight {unknown}
 B - a potion of heal wounds {unknown}
Comestibles
 c - 5 bread rations
 p - 5 fruits
 J - a slice of pizza


   Skills:
 + Level 6.7 Fighting
 + Level 1.0 Short Blades
 * Level 6.1(6.3) Axes
 + Level 2.2(4.8) Maces & Flails
 + Level 8.1 Armour
 + Level 4.3 Dodging
 + Level 2.6 Stealth


You had 8 spell levels left.
You didn't know any spells.

Dungeon Overview and Level Annotations

Branches:
Dungeon (8/15)             Temple (0/1) D:7
   Lair: D:8-11

Altars:
Cheibriados
Elyvilon
Nemelex Xobeh
Pakellas
Ru
Trog
Yredelemnul
Zin

Shops:
D:4 =   D:5 [

Annotations:
D:8 Psyche


Innate Abilities, Weirdness & Mutations

You are resistant to torment.
Your stone body is resilient (AC +5).
You are immune to poison.
You resist negative energy.
You are resistant to electric shocks.
You can survive without breathing.
You are immune to petrification.
You are immune to rotting.


Message History

Your Axes skill increases to level 6!
Your Armour skill increases to level 8!
You see here a raiju corpse.
You see here a raiju corpse.
There are no objects that can be picked up here. a raiju corpse You see here a scroll labeled FERPHU BOLEOMPY.
H - a scroll labeled FERPHU BOLEOMPY A smoke demon comes into view.
A smoke demon is nearby!
The smoke demon roars!
The smoke demon gestures at you. The ball of steam hits you!
A small abomination comes into view.
The smoke demon gestures at you. Something smites you!
The small abomination hits you!
* * * LOW HITPOINT WARNING * * *
The smoke demon gestures at you. The ball of steam hits you!
You die...

. . .####### ...#.
#.. ...#..##.##.#.#..
##....#.#...#.#...
#........#....##. .
#.......#..##..#. #.#
#....###...#..#.#..#
# #.##.###..#.#..#
###.#..#.#.§§..3.#..#
# ##....@#......... #
# .#...#x.####..# .
#....#.#....# .# ..#
#.. #.....§#. .
...#......#. ## #..
...##..#.# #.
#...#.... . . ###
.##.# .# # ## # ..


You could see a small abomination.

Vanquished Creatures
  Maurice (D:8)
  A raiju (Abyss:1)
  The ghost of Golzeb the Skirmisher, an amateur GrBe of Trog (D:4)
  Eustachio (D:5)
  Duvessa (D:4)
  A sky beast (D:5)
  2 ice beasts
  An ogre (D:5)
  A phantom (D:5)
  A centaur (D:6)
  Blork the orc (D:4)
  Dowan (D:4)
  A scorpion (D:8)
  A crimson imp (D:6)
  A jelly (D:5)
  A centaur skeleton (D:8)
  2 orc priests
  Crazy Yiuf (D:2)
  A hound (D:4)
  2 orc wizards
  A giant frog skeleton (D:5)
  2 iguanas
  Jessica (D:3)
  4 worker ants
  Natasha (D:4)
  11 gnolls
  9 adders
  2 worms
  3 dart slugs (D:1)
  7 giant geckos
  18 orcs
  5 giant cockroaches
  8 goblins
  5 hobgoblins
  10 jackals
  6 quokkas
  6 bats
  A giant gecko skeleton (D:4)
  7 giant newts
  8 kobolds
  10 rats
148 creatures vanquished.

Vanquished Creatures (others)
  Natasha (D:4)
1 creature vanquished.

Grand Total: 149 creatures vanquished

Notes
Turn   | Place    | Note
--------------------------------------------------------------
     0 | D:1      | Golzeb the Gargoyle Berserker began the quest for the Orb.
     0 | D:1      | Reached XP level 1. HP: 14/14 MP: 1/1
   228 | D:1      | Reached XP level 2. HP: 8/19 MP: 2/2
   896 | D:2      | Noticed Crazy Yiuf
   904 | D:2      | Killed Crazy Yiuf
   904 | D:2      | Reached XP level 3. HP: 4/24 MP: 3/3
  1379 | D:2      | Reached ** piety under Trog
  1399 | D:2      | Reached XP level 4. HP: 25/29 MP: 4/4
  1676 | D:2      | Found a faded altar to an unknown god.
  1957 | D:2      | Found a white marble altar of Elyvilon.
  2375 | D:3      | Reached XP level 5. HP: 30/33 MP: 5/5
  2397 | D:3      | Reached skill level 1 in Maces & Flails
  2397 | D:3      | Reached skill level 1 in Stealth
  2452 | D:3      | Found a sacrificial altar of Ru.
  2500 | D:3      | Found a basalt altar of Yredelemnul.
  2590 | D:3      | Noticed Jessica
  2595 | D:3      | Killed Jessica
  2595 | D:3      | Reached skill level 3 in Armour
  2645 | D:3      | Reached *** piety under Trog
  2868 | D:3      | Found an oddly glowing altar of Pakellas.
  3182 | D:4      | Noticed Blork the orc
  3194 | D:4      | Killed Blork the orc
  3194 | D:4      | Reached XP level 6. HP: 31/38 MP: 6/6
  3250 | D:4      | Found Tuvvekhy's Jewellery Shoppe.
  3711 | D:4      | Noticed Duvessa
  3712 | D:4      | Noticed Dowan
  3742 | D:4      | Killed Duvessa
  3742 | D:4      | Reached XP level 7. HP: 34/44 MP: 7/7
  3770 | D:4      | Killed Dowan
  3770 | D:4      | Reached skill level 5 in Fighting
  3770 | D:4      | Reached skill level 4 in Armour
  4169 | D:4      | Noticed Golzeb's ghost (amateur GrBe)
  4478 | D:4      | Killed Golzeb's ghost
  4749 | D:4      | Noticed Natasha
  4778 | D:4      | Killed Natasha
  4778 | D:4      | Reached skill level 5 in Armour
  4952 | D:4      | Noticed Natasha
  4976 | D:4      | Killed Natasha
  4976 | D:4      | Reached **** piety under Trog
  5065 | D:5      | Entered Level 5 of the Dungeon
  5114 | D:5      | Found Ycvennomn's Antique Armour Boutique.
  5127 | D:5      | Reached XP level 8. HP: 49/49 MP: 8/8
  5229 | D:5      | Found a sparkling altar of Nemelex Xobeh.
  5332 | D:5      | Noticed Eustachio
  5343 | D:5      | Killed Eustachio
  5343 | D:5      | Reached skill level 6 in Armour
  5837 | D:5      | Bought a pair of spiked gloves for 228 gold pieces
  5842 | D:5      | Identified the -3 pair of gloves of the Nexus {+Fly rElec rC+ Stlth+} (You bought it in a shop on level 5 of the Dungeon)
  6402 | D:6      | Reached skill level 5 in Axes
  6402 | D:6      | Reached skill level 7 in Armour
  6427 | D:6      | Reached XP level 9. HP: 56/56 MP: 9/9
  6755 | D:6      | Found a bloodstained altar of Trog.
  6767 | D:6      | Got a warped dagger
  6768 | D:6      | Identified the +10 dagger "Dragonbane" {pierce, Int+2} (You found it on level 6 of the Dungeon)
  7100 | D:7      | Found a staircase to the Ecumenical Temple.
  7122 | D:7      | Found a sparkling altar of Nemelex Xobeh.
  7193 | D:7      | Found a snail-covered altar of Cheibriados.
  7449 | D:7      | Found a glowing silver altar of Zin.
  7803 | D:8      | Noticed Maurice
  7859 | D:8      | Killed Maurice
  8114 | D:8      | Reached skill level 1 in Short Blades
  8137 | D:8      | Noticed Psyche
  8144 | D:8      | Cast into level 1 of the Abyss (Psyche)
  8189 | Abyss:1  | Reached skill level 8 in Armour
  8216 | Abyss:1  | Noticed a smoke demon
  8221 | Abyss:1  | Killed from afar by a smoke demon

Skill      XL: |  1  2  3  4  5  6  7  8  9 |
---------------+----------------------------+-----
Axes           | 3 4 5 6 |  6.1
Dodging        | 2 3 4 |  4.3
Fighting       | 4 5 6 |  6.7
Maces & Flails | 1 2 |  2.2
Stealth        | 1 2 |  2.6
Armour         | 3 5 7 8 |  8.1
Short Blades   | 1 |  1.0

Action                   |  1- 3 |  4- 6 |  7- 9 || total
-------------------------+-------+-------+-------++-------
Melee: Hand axe          |    45 |       |       ||    45
       Mace              |    27 |    77 |    33 ||   137
       War axe           |       |    96 |   176 ||   272
       Dagger            |       |       |   128 ||   128
Evoke: Wand              |       |       |     1 ||     1
  Use: Scroll            |     2 |     8 |     3 ||    13
       Potion            |       |       |     2 ||     2
  Eat: Meat ration       |     1 |     1 |     2 ||     4
       Beef jerky        |       |     1 |       ||     1
       Chunk             |       |     1 |       ||     1
       Fruit             |       |       |     1 ||     1
Armor: Animal skin       |    15 |       |       ||    15
       Scale mail        |    60 |   121 |       ||   181
       Plate armour      |       |    60 |   298 ||   358
Dodge: Dodged            |    81 |   147 |   181 ||   409
